 Dungeon Crawl Stone Soup version 0.32-a0-361-g289a535e89 (webtiles) character file.

Game seed: 9978184908002435723

373 greenreed the Ruffian (level 6, -2/91 HPs)
             Began as a Troll Shapeshifter on Feb 18, 2024.
             Succumbed to Edmund's poison
             ... on level 5 of the Dungeon.
             The game lasted 00:03:53 (3677 turns).

greenreed the Ruffian (Troll Shapeshifter)          Turns: 3677, Time: 00:03:53

Health: -2/91      AC: 23    Str: 25    XL:     6   Next: 43%
Magic:  5/5        EV:  1    Int:  6    God:
Gold:   263        SH:  0    Dex:  9    Spells: 5/5 levels left

rFire   . .          .
                       - Unarmed
rCold   . . .        (no shield)
rNeg    . . .        a - melded +0 animal skin
rPois   +            (helmet currently unavailable)
rElec   .            (cloak currently unavailable)
rCorr   .            (gloves unavailable)
SInv    .            (boots unavailable)
Will    .....        (no amulet)
Stlth   +            (no ring)
HPRegen 1.15/turn    (no ring)
MPRegen 0.09/turn

%: no passive effects
@: lethally poisoned (-2 -> -19), tree-form
A: stationary, stasis, torment immunity, boosted hp, large, unfitting armour,
(claws 3), regeneration 1, (shaggy fur 1), (tough skin 1)
a: no special abilities


You were on level 5 of the Dungeon.
You were a tree.
You visited 1 branch of the dungeon, and saw 5 of its levels.

You collected 263 gold pieces.

Inventory:

Missiles
 q - 4 datura-tipped darts (quivered)
Armour
 a - a +0 animal skin (melded)
Jewellery
 t - an amulet of guardian spirit
Talismans
 c - a beast talisman (active)
 d - a flux talisman
Wands
 o - a wand of flame (27)
 u - a wand of mindburst (7)
Scrolls
 e - 4 scrolls of identify {unknown}
 f - 2 scrolls of immolation {unknown}
 g - 2 scrolls of enchant armour {unknown}
 j - a scroll of blinking {unknown}
 k - a scroll of fog {unknown}
 l - 3 scrolls of noise {unknown}
 n - 4 scrolls of revelation {unknown}
 p - 3 scrolls of poison {unknown}
 r - a scroll of butterflies {unknown}
 s - a scroll of fear {unknown}
Potions
 h - 3 potions of attraction {unknown}
 i - a potion of curing {unknown}
 m - 2 potions of enlightenment {unknown}
 v - a potion of haste {unknown}
 w - a potion of mutation {unknown}


   Skills:
 * Level 3.2 Fighting
 + Level 2.6 Dodging
 * Level 4.8 Unarmed Combat
 + Level 3.8 Shapeshifting


You had 5 spell levels left.
You didn't know any spells.
Your spell library contained the following spells:

 Spells                   Type           Power      Damage    Failure   Level
 Sandblast                Erth           0%         2d4       45%         1
 Cigotuvi's Dreadful Rot  Necr/Alch/Air  0%         N/A       58%         2
 Passwall                 Erth           0%         N/A       83%         3
 Stone Arrow              Conj/Erth      0%         3d7       83%         3
 Brom's Barrelling Bould  Conj/Erth      0%         2d3       99%         4
 Dispel Undead            Necr           0%         3d6       99%         4
 Summon Forest            Summ/Tloc      0%         N/A       100%        5
 Death's Door             Necr           0%         N/A       100%        9


Dungeon Overview and Level Annotations

Branches:
Dungeon (5/15)
 Temple: D:4-7

Altars:
Qazlal

Shops:
D:4 *


Innate Abilities, Weirdness & Mutations

You are a tree.
Your roots penetrate the ground, keeping you stationary.
You cannot be teleported.
You are immune to unholy pain and torment.
Your maximum health is greatly increased.
Your equipment is partially melded.
You are too large for most types of armour.
((You have claws for hands.))
Your natural rate of healing is unusually fast.
((You are covered in fur. (AC +1)))
((You have tough skin. (AC +1)))


Message History

You hit Edmund.
Edmund is severely wounded.
You feel very sick.
Edmund grinds his teeth, and then sighs.
Edmund hits you with a +6 flail of venom.
You are more poisoned.
You closely miss Edmund.
Edmund is severely wounded.
You feel very sick.
Edmund hits you with a +6 flail of venom.
You hit Edmund.
Edmund is severely wounded.
You feel very sick.
Edmund whines, "My parents never had time for me!"
Edmund hits you but does no damage.
You are more poisoned.
You hit Edmund.
Edmund is almost dead.
You feel very sick. Edmund hits you but does no damage.
You are lethally poisoned!
You closely miss Edmund.
Edmund is almost dead.
* * * LOW HITPOINT WARNING * * *
You feel extremely sick. Edmund hits you but does no damage.
You hit Edmund.
Edmund is almost dead.
* * * LOW HITPOINT WARNING * * *
You feel very sick. Edmund hits you but does no damage.
You are more poisoned.
You completely miss Edmund.
Edmund is almost dead.
* * * LOW HITPOINT WARNING * * *
You feel extremely sick. Edmund hits you but does no damage.
You pummel Edmund!!
You kill Edmund!
You die...

#...#### ###.##......
.##.##...####
............#####
.##.###.#.......# #+##
.##.# #.#.#.###.# #...##
.##.# #.#.#.###.##.....#
.##.# #......##.#.......
.##.#####....##.♣).....(
...................(....
.##.....................
.######........##.......
.# #.####.#.# #[....# ##
#.# #.#.# #...## #.# .
#. #+## #.. . ###


There were no monsters in sight!

Vanquished Creatures
  Edmund (D:5)
  A sleepcap (D:4)
  3 hounds
  An orc priest (D:4)
  Ijyb (D:3)
  An orc wizard (D:4)
  3 adders
  A ribbon worm (D:2)
  2 dart slugs
  14 orcs
  5 bats
  5 endoplasms
  3 giant cockroaches
  6 goblins
  A hobgoblin (D:1)
  6 jackals
  6 quokkas
  5 ball pythons
  4 frilled lizards
  8 kobolds
  A rat (D:2)
78 creatures vanquished.

Notes
Turn   | Place    | Note
-------+----------+-------------------------------------------
     0 | D:1      | greenreed the Troll Shapeshifter began the quest for the
                  | Orb.
     0 | D:1      | Reached XP level 1. HP: 18/18 MP: 0/0
    78 | D:1      | Got Duamp's Vellum of the Topological Damned
   104 | D:1      | Reached skill level 1 in Fighting
   168 | D:1      | Reached XP level 2. HP: 21/27 MP: 1/1
   474 | D:1      | Found a faded altar of an unknown god.
   927 | D:2      | Reached XP level 3. HP: 33/33 MP: 2/2
  1482 | D:2      | Reached XP level 4. HP: 41/42 MP: 3/3
  1664 | D:3      | Noticed Ijyb
  1676 | D:3      | Killed Ijyb
  1835 | D:3      | Reached skill level 4 in Unarmed Combat
  2594 | D:4      | Reached XP level 5. HP: 41/50 MP: 4/4
  2790 | D:4      | Found Ileytit's Overcharged Wands.
  2877 | D:4      | Found a stormy altar of Qazlal.
  3186 | D:4      | Reached XP level 6. HP: 57/61 MP: 5/5
  3383 | D:5      | Entered Level 5 of the Dungeon
  3661 | D:5      | Noticed Edmund
  3676 | D:5      | HP: 2/91 [poisoned by Edmund]
  3677 | D:5      | Killed Edmund
  3677 | D:5      | Succumbed to Edmund's poison

Illustrated notes

Levels and vault maps discovered:
D:1:      dpeg_arrival_water_fire, layout_basic,
          dreamdust_ecumenical_altar_hidden_monk_grotto,
          chequers_serial_rivers_small_a, minmay_pentomino_u4
D:2:      layout_loops_corners, guppyfry_early_lair_pool
D:3:      layout_basic, serial_glass, glass_columns_b, glass_columns_a,
          glass_columns_b, glass_columns_a, uniq_ijyb
D:4:      layout_basic, grunt_qazlal_clouds, nicolae_shop_overcharged_wands
D:5:      layout_loops_corners, worldfamousw_hep_ancestral_shrine, uniq_edmund

Skill      XL: |  1  2  3  4  5 |
---------------+----------------+-----
Fighting       | 1 2 3 |  3.2
Dodging        | 2 |  2.6
Unarmed Combat | 4 |  4.8
Shapeshifting  | |  3.8

Action                     |  1- 3 |  4- 6 || total
---------------------------+-------+-------++-------
  Melee: Unarmed           |    73 |   132 ||   205
         Punch             |     2 |       ||     2
    Use: Potion            |       |     1 ||     1
 Armour: Animal skin       |    37 |    74 ||   111
         Skin              |       |     8 ||     8
  Dodge: Dodged            |    27 |    39 ||    66

Table legend: (Time is in decaauts)
 A = Elapsed time spent in this place.
 B = Non-inter-level travel time spent in this place.
 C = Inter-level travel time spent in this place.
 D = Time resting spent in this place.
 E = Time spent auto-exploring this place.
 F = Levels seen in this place.
 G = Mean time per level.
                   A        B        C        D        E       F      G
               +--------+--------+--------+--------+--------+-----+--------+
         Total |   3660 |   3538 |    122 |      0 |   3080 |   5 |  732.0 |
       Dungeon |   3660 |   3538 |    122 |      0 |   3080 |   5 |  732.0 |
               +--------+--------+--------+--------+--------+-----+--------+

Top non-repeatable levels by time:
     D:4: 919 daAuts
     D:1: 833 daAuts
     D:3: 808 daAuts
     D:2: 808 daAuts
     D:5: 290 daAuts
